 Dungeon Crawl Stone Soup version 0.27.0-1-g7a089689b8 (webtiles) character file.

Game seed: 923066764284157500

23060 ZARRMARR the Basher (level 13, -2/111 HPs)
             Began as a Hill Orc Monk on Aug 5, 2021.
             Was a High Priest of Beogh.
             Slain by an elephant simulacrum (25 damage)
             ... in an ice cave.
             The game lasted 01:40:01 (23903 turns).

ZARRMARR the Basher (Hill Orc Monk)                Turns: 23903, Time: 01:40:02

Health: -2/111     AC: 21    Str: 25    XL:     13   Next: 4%
Magic:  14/14      EV: 16    Int:  9    God:    Beogh [*****.]
Gold:   761        SH:  0    Dex: 13    Spells: 12/12 levels left

rFire    + . .     SeeInvis +   B - +12 mace of Beyond {spect, rElec rCorr}
rCold    . . .     Faith    .   (no shield)
rNeg     . . .     Spirit   .   M - +3 scale mail of Minor Irritation {rF+ Int+2}
rPois    .         Reflect  .   j - +5 helmet of Insurance {rElec Will++ Int-3 SInv}
rElec    +         Harm     .   C - +0 cloak
rCorr    +         Rampage  .   d - +0 pair of gloves
Will     ++...                  (no boots)
Stlth    ++........             (no amulet)
HPRegen  0.28/turn              Q - +4 ring of evasion
MPRegen  0.14/turn              w - +6 ring of strength

@: about to teleport
A: walk on water
a: Renounce Religion, Smiting, Recall Orcish Followers, Give Item to Named
Follower


You were in an ice cave.
You worshipped Beogh.
Beogh was extremely pleased with you.
You visited 3 branches of the dungeon, and saw 14 of its levels.
You also visited: Sewer, Ossuary and Ice Cave.

You collected 761 gold pieces.

Inventory:

Hand Weapons
 y - a +2 trident of venom
 B - the +12 mace of Beyond (weapon) {spect, rElec rCorr}
   (You found it on level 6 of the Dungeon)

   When its wielder attacks, the weapon's spirit leaps out and strikes again.
   The spirit shares a part of any damage it takes with its wielder.
   rElec:     It insulates you from electricity.
   rCorr:     It protects you from acid and corrosion.
 L - a +2 glaive of protection
Missiles
 a - 4 javelins
 e - 296 stones (quivered)
 l - 61 poisoned darts
 D - 2 curare-tipped darts
 S - 2 throwing nets
Armour
 c - a +1 ring mail of cold resistance
 d - a +0 pair of gloves (worn)
 j - the +5 helmet of Insurance (worn) {rElec Will++ Int-3 SInv}
   (You acquired it on level 9 of the Dungeon)

   Int:       It affects your intelligence (-3).
   rElec:     It insulates you from electricity.
   SInv:      It lets you see invisible.
   Will:      It greatly increases your willpower.
 C - a +0 cloak (worn)
 M - the +3 scale mail of Minor Irritation (worn) {rF+ Int+2}
   (You took it off an orc on level 4 of the Dungeon)

   Int:       It affects your intelligence (+2).
   rF:        It protects you from fire.
 R - a +0 troll leather armour
Jewellery
 g - a ring of resist corrosion
 i - a ring of resist corrosion
 q - a ring of see invisible
 w - a +6 ring of strength (right hand)
 G - an amulet of magic regeneration
 H - a ring of flight
 J - a ring of ice
 K - a +6 ring of intelligence
 P - a ring of fire
 Q - a +4 ring of evasion (left hand)
Wands
 h - a wand of flame (25)
 x - a wand of digging (14)
 F - a wand of acid (19)
Scrolls
 f - 2 scrolls of enchant weapon
 n - 2 scrolls of fog
 p - a scroll of holy word
 r - 2 scrolls of fear
 u - 2 scrolls of immolation
 E - 4 scrolls of teleportation
 N - a scroll of torment
 T - 2 scrolls of amnesia
 U - a scroll of vulnerability
Potions
 b - 4 potions of degeneration {unknown}
 k - 5 potions of lignification
 o - 2 potions of ambrosia {unknown}
 s - 3 potions of resistance {unknown}
 t - 2 potions of haste {unknown}
 v - 4 potions of cancellation
 z - a potion of invisibility
 A - 3 potions of brilliance {unknown}
 I - 4 potions of curing
 O - a potion of flight {unknown}
 V - a potion of magic {unknown}


   Skills:
 + Level 9.6 Fighting
 + Level 12.1 Maces & Flails
 + Level 10.3 Throwing
 + Level 10.8 Armour
 + Level 5.3 Dodging
 + Level 5.3 Stealth
 + Level 2.5 Invocations


You had 12 spell levels left.
You didn't know any spells.
Your spell library contained the following spells:

 Spells                   Type           Power      Damage    Failure   Level
 Sting                    Tmut/Pois      0%         1d3       63%         1
 Blink                    Tloc           N/A        N/A       77%         2
 Poisonous Vapours        Pois/Air       0%         N/A       77%         2
 Olgreb's Toxic Radiance  Pois           0%         N/A       100%        4
 Manifold Assault         Tloc           0%         N/A       100%        5
 Summon Forest            Summ/Tloc      0%         N/A       100%        5
 Summon Mana Viper        Hex/Summ       0%         N/A       100%        5
 Shadow Creatures         Summ           N/A        N/A       100%        6
 Storm Form               Tmut/Air       0%         N/A       100%        7


Dungeon Overview and Level Annotations

Branches:
Dungeon (12/15)            Temple (1/1) D:4            Lair (1/6) D:11
    Orc (0/2) D:12          Sewer (visited)         Ossuary (visited)
  IceCv (1/1)

Altars:
Ashenzari
Cheibriados
Dithmenos
Elyvilon
Fedhas
Gozag
Hepliaklqana
Kikubaaqudgha
Makhleb
Nemelex Xobeh
Okawaru
Qazlal
Ru
Sif Muna
Trog
Uskayaw
Vehumet
Wu Jian
Xom
Yredelemnul
Zin
The Shining One
Beogh
Jiyva

Shops:
D:5 :   D:11 [

Portals:
Gauntlet: Lair:1

Annotations:
D:4 Edmund


Message History

Your spectral +12 mace of Beyond {spect, rElec rCorr} hits the ice devil!!
The ice devil misses your spectral +12 mace of Beyond {spect, rElec rCorr}.
The elephant simulacrum tramples your spectral +12 mace of Beyond {spect, rElec rCorr} but does no damage.
The elephant simulacrum trunk-slaps your spectral +12 mace of Beyond {spect, rElec rCorr}.
Your spectral weapon shares its damage with you!
The elephant simulacrum freezes your spectral +12 mace of Beyond {spect, rElec rCorr}.
Your spectral +12 mace of Beyond {spect, rElec rCorr} resists.
Your spectral weapon shares its damage with you!
A wolf simulacrum comes into view.
An ice devil comes into view.
You sock the ice devil!
You kill the ice devil!
Beogh accepts your kill.
A polar bear simulacrum comes into view.
Unknown command.
You sock the ice devil!
The ice devil is lightly wounded.
Your spectral +12 mace of Beyond {spect, rElec rCorr} hits the ice devil!
An anaconda simulacrum comes into view.
Unknown command.
You hit the ice devil but do no damage.
The ice devil is moderately wounded.
Your spectral +12 mace of Beyond {spect, rElec rCorr} closely misses the ice devil.
An anaconda simulacrum comes into view.
The elephant simulacrum tramples you! The elephant simulacrum freezes you!!
The elephant simulacrum trunk-slaps you but does no damage.
The ice devil misses you.
The anaconda simulacrum constricts you but does no damage.
The anaconda simulacrum bites you but does no damage.
Okay, then.
As you read the scroll of teleportation, it crumbles to dust.
You feel strangely unstable.
The anaconda simulacrum barely misses you.
The anaconda simulacrum bites you. The anaconda simulacrum freezes you!!
* * * LOW HITPOINT WARNING * * *
The ice devil barely misses you. The elephant simulacrum misses you.
The elephant simulacrum trunk-slaps you.
* * * LOW HITPOINT WARNING * * *
The elephant simulacrum freezes you!!
You die...

#......##
##.####...##
##..8#..##
#..##...##
#..###..####..#..##
#[[# ##..# #.....○#
######..##
##...#.§○# ##..###
######○☼# #..##.##
☼.# #..#ZZZ## ○##
#..#@Z4Z# #
##.§4#Z..... ##..#
4Z... #### Z... ...
._ .


You could see 3 ice devils, 3 anaconda simulacra, 2 wolf simulacra, 2 elephant
simulacra and a polar bear simulacrum.

Vanquished Creatures
  A hydra (D:11)
  2 two-headed ogres
  A skeletal warrior (D:12)
  A deep elf pyromancer (D:12)
  A cyclops (D:7)
  A manticore (D:12)
  A centaur zombie (D:10)
  A black mamba (Lair:1)
  A gargoyle (D:11)
  A kobold demonologist (D:10)
  2 freezing wraiths (IceCv)
  2 trolls
  6 ice devils (IceCv)
  An entropy weaver simulacrum (IceCv)
  The ghost of dipablo the Shield-Bearer, an amateur GnFi (D:4)
  Prince Ribbit (D:6)
  Grinder (D:3)
  Sigmund (D:6)
  12 yaks
  2 wyverns
  3 shadows
  2 vampire mosquitoes (D:12)
  2 steam dragons (D:8)
  Grum (D:10)
  A harpy simulacrum (IceCv)
  An acid dragon (D:12)
  A water moccasin (D:7)
  Duvessa (D:6)
  4 orc warriors
  2 ice beasts (D:6)
  6 ogres
  4 wolves
  7 centaurs
  4 kobold brigands
  3 bullfrogs
  A gnoll sergeant (D:12)
  A cane toad simulacrum (IceCv)
  8 water moccasin zombies
  3 scorpions
  2 water moccasin skeletons
  Dowan (D:6)
  2 elephant simulacra (IceCv)
  A wight (D:10)
  14 killer bees
  A bullfrog zombie (D:6)
  A hound (D:7)
  Crazy Yiuf (D:5)
  4 jellies (D:6)
  A gnoll shaman (D:8)
  8 orc priests
  A bullfrog skeleton (D:4)
  A scorpion zombie (D:5)
  2 iguanas
  4 orc wizards
  2 troll simulacra (IceCv)
  5 wolf simulacra (IceCv)
  A killer bee zombie (D:6)
  A hound zombie (D:5)
  A hound skeleton (D:5)
  A howler monkey zombie (D:9)
  Robin (D:2)
  2 mummies (Ossuary)
  11 gnolls
  7 adders
  A naga simulacrum (IceCv)
  2 shadow imps
  3 white imps
  2 ufetubi
  4 adder zombies (Ossuary)
  9 worms
  A dart slug (D:2)
  29 orcs
  2 bats
  7 endoplasms
  9 giant cockroaches
  3 gnoll zombies (Ossuary)
  12 goblins
  10 hobgoblins
  9 jackals
  6 quokkas
  12 ball pythons
  3 frilled lizards
  2 hobgoblin zombies (Ossuary)
  17 kobolds
  8 kobold zombies (Ossuary)
  2 orc zombies (Ossuary)
  11 rats
  A butterfly (D:4)
336 creatures vanquished.

Vanquished Creatures (collateral kills)
  Erolcha (D:11)
  A hydra (D:11)
  2 two-headed ogres
  4 slime creatures (D:12)
  2 skeletal warriors (D:12)
  A troll (D:12)
  16 yaks
  A wyvern (D:10)
  A steam dragon (D:10)
  A water moccasin (Lair:1)
  2 orc warriors (D:12)
  An ogre (D:12)
  3 wolves
  2 kobold brigands (D:12)
  A gnoll sergeant (D:12)
  5 killer bees (D:9)
  An orc priest (D:11)
  A gnoll shaman (D:9)
  3 orc wizards
  A troll simulacrum (IceCv)
  A polar bear simulacrum (IceCv)
  A howler monkey zombie (D:8)
  A gnoll (D:9)
  A white imp (D:7)
  An orc (D:10)
  3 kobolds
58 creatures vanquished.

Vanquished Creatures (others)
  2 orc priests
  2 orc wizards
  17 orcs
  A goblin (D:3)
  A plant (Lair:1)
23 creatures vanquished.

Grand Total: 417 creatures vanquished

Notes
Turn   | Place    | Note
-------+----------+-------------------------------------------
     0 | D:1      | ZARRMARR the Hill Orc Monk began the quest for the Orb.
     0 | D:1      | Reached XP level 1. HP: 19/19 MP: 1/1
   200 | D:1      | Reached XP level 2. HP: 24/27 MP: 2/2
   664 | D:1      | Reached skill level 1 in Armour
   680 | D:1      | Reached XP level 3. HP: 27/33 MP: 3/3
  1749 | D:2      | Reached skill level 4 in Maces & Flails
  2217 | D:3      | Reached XP level 4. HP: 34/40 MP: 4/4
  2327 | D:2      | Reached skill level 1 in Throwing
  2554 | D:3      | Reached XP level 5. HP: 32/46 MP: 5/5
  2736 | D:3      | Found a faded altar of an unknown god.
  2872 | D:3      | Found a white marble altar of Elyvilon.
  3121 | D:3      | Noticed Robin
  3779 | D:2      | Killed Robin
  4076 | D:3      | Noticed Grinder
  4089 | D:3      | Killed Grinder
  4090 | D:3      | Reached skill level 5 in Maces & Flails
  4090 | D:3      | Reached XP level 6. HP: 32/53 MP: 6/6
  4248 | D:3      | Found a sparkling altar of Nemelex Xobeh.
  4747 | D:3      | Reached XP level 7. HP: 48/60 MP: 7/7
  4856 | D:3      | Found a basalt altar of Yredelemnul.
  4856 | D:3      | Found a faded altar of an unknown god.
  4863 | D:3      | Found an iron altar of Okawaru.
  4865 | D:3      | Found a faded altar of an unknown god.
  4867 | D:3      | Found a blossoming altar of Fedhas.
  5155 | D:4      | Found a staircase to the Ecumenical Temple.
  5182 | D:4      | Found a sand-covered staircase.
  5187 | Ossuary  | Entered an ossuary
  5286 | Ossuary  | Reached skill level 6 in Maces & Flails
  5577 | Ossuary  | Reached skill level 5 in Fighting
  5766 | Ossuary  | Reached XP level 8. HP: 56/68 MP: 8/8
  6130 | D:4      | Found a runed translucent gate.
  6130 | D:4      | Found a runed translucent gate.
  6130 | D:4      | Found a runed translucent gate.
  6133 | D:4      | Noticed dipablo's ghost (amateur GnFi)
  6138 | D:4      | Identified the +12 spear of Dust {antimagic, rF+ Int+4
                  | Stlth+}
  6138 | D:4      | Identified the +3 scale mail of Minor Irritation {rF+
                  | Int+2}
  6139 | D:4      | Found a roughly hewn altar of Beogh.
  6315 | D:4      | Reached skill level 7 in Maces & Flails
  6381 | D:4      | Noticed Edmund
  6711 | D:5      | Entered Level 5 of the Dungeon
  7274 | D:5      | Found a hide-covered altar of Uskayaw.
  8147 | D:5      | Reached skill level 5 in Armour
  8196 | D:5      | Became a worshipper of Beogh the Brigand
  8196 | D:5      | Reached * piety under Beogh
  8196 | D:5      | Reached ** piety under Beogh
  8214 | D:5      | Found a runed translucent door.
  8215 | D:5      | Noticed Crazy Yiuf
  8398 | D:5      | Found Faixt's Book Boutique.
  8833 | D:4      | Found a glowing silver altar of Zin.
  8976 | Temple   | Entered the Ecumenical Temple
  9569 | D:6      | Found a glowing drain.
  9596 | Sewer    | Entered a sewer
 10212 | D:6      | Noticed Sigmund
 10224 | D:6      | Found a stormy altar of Qazlal.
 10225 | D:6      | Noticed a water elemental
 10231 | D:6      | Killed Sigmund
 10232 | D:6      | Reached XP level 9. HP: 64/75 MP: 9/9
 10400 | D:6      | Noticed Dowan
 10401 | D:6      | Noticed Duvessa
 10405 | D:6      | Killed Dowan
 10854 | D:6      | Reached skill level 8 in Maces & Flails
 10854 | D:6      | Reached skill level 5 in Throwing
 10899 | D:6      | Reached *** piety under Beogh
 11488 | D:6      | Identified the +12 mace of Beyond {spect, rElec rCorr}
 11509 | D:6      | Noticed Prince Ribbit
 11517 | D:6      | Killed Prince Ribbit
 11826 | D:6      | Killed Duvessa
 11859 | D:5      | Killed Crazy Yiuf
 12189 | D:7      | Identified a scroll of acquirement
 12194 | D:7      | Noticed a cyclops
 12204 | D:7      | Killed a cyclops
 12205 | D:7      | Reached skill level 9 in Maces & Flails
 12205 | D:7      | Reached XP level 10. HP: 64/84 MP: 10/10
 12987 | D:8      | Noticed a two-headed ogre
 12993 | D:8      | Killed a two-headed ogre
 13270 | D:4      | Killed dipablo's ghost
 13963 | D:8      | Reached **** piety under Beogh
 14705 | D:9      | Acquired the +5 helmet of Insurance {rElec Will++ Int-3
                  | SInv}
 15529 | D:9      | Reached skill level 10 in Maces & Flails
 15602 | D:9      | Found a shimmering blue altar of Sif Muna.
 15924 | D:9      | Noticed a two-headed ogre
 15932 | D:9      | Killed a two-headed ogre
 15933 | D:9      | Reached XP level 11. HP: 74/92 MP: 11/11
 16380 | D:10     | Entered Level 10 of the Dungeon
 16526 | D:10     | Found a shadowy altar of Dithmenos.
 17185 | D:10     | Found a sacrificial altar of Ru.
 17198 | D:10     | Gained Bladwarg as an ally
 17198 | D:10     | Noticed Grum
 17205 | D:10     | Killed Grum
 17931 | D:10     | Reached ***** piety under Beogh
 17932 | D:10     | Reached skill level 1 in Invocations
 18555 | D:11     | Found Agacku's Armour Emporium.
 18859 | D:11     | Noticed a seven-headed hydra
 18864 | D:11     | Killed a seven-headed hydra
 19738 | D:11     | Reached skill level 11 in Maces & Flails
 19857 | D:11     | Noticed Erolcha
 19864 | D:11     | Killed Erolcha
 20270 | D:11     | Found a staircase to the Lair.
 20372 | D:11     | Noticed a five-headed hydra
 20380 | D:11     | Killed a five-headed hydra
 20381 | D:11     | Reached XP level 12. HP: 86/103 MP: 12/12
 21372 | D:12     | Reached skill level 10 in Armour
 21376 | D:12     | Reached skill level 5 in Dodging
 21384 | D:12     | Reached skill level 5 in Stealth
 21677 | D:12     | Noticed a two-headed ogre
 21681 | D:12     | Killed a two-headed ogre
 21900 | D:12     | Found a staircase to the Orcish Mines.
 21916 | D:12     | Gained Orkwin as an ally
 22416 | D:12     | Found a bloodstained altar of Trog.
 22850 | D:12     | Noticed a two-headed ogre
 22854 | D:12     | Killed a two-headed ogre
 22898 | D:12     | Reached skill level 10 in Throwing
 23102 | Lair:1   | Entered Level 1 of the Lair of Beasts
 23119 | Lair:1   | Found a gate leading to a gauntlet.
 23127 | Lair:1   | Found a frozen archway.
 23136 | IceCv    | Entered an ice cave
 23655 | IceCv    | Reached skill level 12 in Maces & Flails
 23805 | IceCv    | Gained Blodwig as an ally
 23889 | IceCv    | Found an ancient bone altar of Kikubaaqudgha.
 23896 | IceCv    | Reached XP level 13. HP: 95/111 MP: 14/14
 23903 | IceCv    | Slain by an elephant simulacrum

Illustrated notes

Levels and vault maps discovered:
D:1:      minmay_arrival_checkered_box, layout_rooms, serial_corexii_hall,
          corexii_hall_statues_l, corexii_hall_statues_i, serial_bayou_pond_e,
          hangedman_decor_opposing
D:2:      layout_loops_corners, minmay_misc_feat_iff, grunt_decor_one_mirror,
          minmay_misc_feat_cross
D:3:      layout_loops_ring, elyvilon_altar_3,
          chequers_temple_overflow_minitemple, nemelex_dance_club_becter,
          hellmonk_ecumenical_altar_dog_temple, uniq_grinder, uniq_robin
D:4:      layout_loops_ring, mainiacjoe_overflow_alcove_1,
          minmay_temple_entry_butterflies, biasface_ghost_orc_armoury,
          enter_ossuary_5, uniq_edmund
D:5:      layout_layer_cave, eat_drink_and_be_merry_uskayaw, serial_shops, shop,
          uniq_crazy_yiuf_cottage
D:6:      layout_basic, nicolae_qazlal_style_of_elements, gup_sewer_entry_pipe,
          uniq_prince_ribbit1, uniq_duvessa, uniq_sigmund
D:7:      layout_loops_ring
D:8:      layout_basic
D:9:      layout_grid_maze, nicolae_sif_muna_condensation
D:10:     minmay_angry_zag, layout_long_grid, mainiacjoe_overflow_brackets,
          nicolae_dithmenos_the_darkroom, uniq_grum
D:11:     layout_loops_ring, lair_entry_dummy, serial_shops,
          nicolae_lakefront_shop, uniq_erolcha
D:12:     layout_roguey, kennysheep_orc_monster_closet_entryway, tgw_trog
Temple:   pf_slime_end_temple
Lair:1:   layout_regular_city, basic_altar, gauntlet_entry_generic,
          portal_ice_cave_entry_pillars_1
IceCv:    ice_cave_small_necro

Skill      XL: |  1  2  3  4  5  6  7  8  9 10 11 12 |
---------------+-------------------------------------+-----
Fighting       | 4 5 6 7 8 9 |  9.6
Armour         | 1 2 3 4 5 6 8 9 10 | 10.8
Maces & Flails | 4 5 6 7 9 10 11 12 | 12.1
Throwing       | 1 2 4 5 7 8 10 | 10.3
Dodging        | 3 4 5 |  5.3
Stealth        | 2 3 4 5 |  5.3
Invocations    | 1 2 |  2.5

Action                   |  1- 3 |  4- 6 |  7- 9 | 10-12 | 13-15 || total
-------------------------+-------+-------+-------+-------+-------++-------
Melee: Mace              |   157 |   122 |   511 |   277 |     7 ||  1074
Throw: Stone             |    29 |    12 |    42 |     8 |       ||    91
       Javelin           |    12 |     9 |     4 |     4 |       ||    29
       Boomerang         |     2 |    43 |   122 |   175 |       ||   342
       Dart              |       |       |    12 |       |       ||    12
Invok: Convert to Beogh  |       |       |     1 |       |       ||     1
       Recall Orcish Fol |       |       |       |    18 |       ||    18
       Give Item to Name |       |       |       |     1 |       ||     1
  Use: Scroll            |     6 |     1 |    11 |     6 |     1 ||    25
       Potion            |       |     1 |     8 |       |       ||     9
 Stab: Invisible         |       |       |     1 |       |       ||     1
       Sleeping          |       |       |     2 |       |       ||     2
       Distracted        |       |       |       |     5 |       ||     5
Armor: Ring mail         |    71 |    37 |   181 |     9 |       ||   298
       Robe              |     1 |       |       |       |       ||     1
       Scale mail        |       |       |       |   106 |     4 ||   110
Dodge: Dodged            |   109 |    58 |   308 |   174 |     4 ||   653
